 Dungeon Crawl Stone Soup version 0.27-a0-808-g60bc5d92e6 (webtiles) character file.

Game seed: 4394844283698684569

11312 sleeves the Grappler (level 11, -5/105 HPs)
             Began as a Troll Ice Elementalist on Mar 28, 2021.
             Was an Initiate of Gozag.
             Slain by a yak (18 damage)
             ... while paralysed
             ... on level 1 of the Lair of Beasts.
             The game lasted 00:24:37 (10865 turns).

sleeves the Grappler (Troll Ice Elementalist)      Turns: 10865, Time: 00:24:38

Health: -5/105     AC:  5    Str: 18    XL:     11   Next: 47%
Magic:  20/20      EV:  1    Int: 14    God:    Gozag
Gold:   1035       SH:  0    Dex: 10    Spells: 1/12 levels left

rFire    . . .     SeeInvis +     - Unarmed
rCold    . . .     Faith    +   (no shield)
rNeg     . . .     Spirit   .   a - +0 robe
rPois    .         Reflect  .   (helmet restricted)
rElec    .         Harm     .   s - +0 cloak
rCorr    .         Rampage  .   (gloves unavailable)
Will     .....                  (boots unavailable)
Stlth    +.........             A - amulet of faith
HPRegen  1.27/turn              c - ring of see invisible
MPRegen  0.17/turn              z - ring of magical power

@: paralysed, lethally poisoned (-5 -> -6), gold aura, berserk cooldown, slowed
A: large, unfitting armour, claws 3, regeneration 1, shaggy fur 1, tough skin 1
a: Renounce Religion, Potion Petition, Call Merchant, Bribe Branch


You were on level 1 of the Lair of Beasts.
You worshipped Gozag.
Gozag was most pleased with you.
You visited 3 branches of the dungeon, and saw 14 of its levels.
You also visited: Sewer.

You collected 1442 gold pieces.
You paid 407 gold pieces to Gozag.

Inventory:

Hand Weapons
 N - a +2 short sword of distortion
   (You took it off Sonja on level 1 of the Lair of Beasts)
Armour
 a - a +0 robe (worn)
 s - a +0 cloak (worn)
   (You found it on level 5 of the Dungeon)
Jewellery
 c - a ring of see invisible (left claw)
   (You took it off a goblin on level 1 of the Dungeon)
 z - a ring of magical power (right claw)
   (You took it off an orc priest on level 6 of the Dungeon)
 A - an amulet of faith (around neck)
   (You found it on level 6 of the Dungeon)
 F - a +4 ring of protection
   (You found it on level 7 of the Dungeon)
 K - an amulet of reflection
   (You found it on level 10 of the Dungeon)
Wands
 q - a wand of random effects (60)
   (You found it on level 4 of the Dungeon)
 t - a wand of iceblast (10)
   (You took it off an orc on level 5 of the Dungeon)
 C - a wand of flame (31)
   (You took it off Edmund on level 6 of the Dungeon)
 H - a wand of digging (4)
   (You found it on level 9 of the Dungeon)
 L - a wand of paralysis (7)
   (You found it on level 10 of the Dungeon)
Scrolls
 e - 11 scrolls of identify {unknown}
 f - 4 scrolls of teleportation {unknown}
 g - a scroll of noise {unknown}
 i - 4 scrolls of magic mapping {unknown}
 j - 3 scrolls of holy word {unknown}
 k - 3 scrolls of enchant weapon {unknown}
 l - 3 scrolls of fear {unknown}
 m - 2 scrolls of blinking {unknown}
 p - a scroll of fog {unknown}
 u - a scroll of vulnerability {unknown}
 x - 3 scrolls of immolation {unknown}
 y - a scroll of amnesia {unknown}
 B - 2 scrolls of enchant armour {unknown}
 I - a scroll of brand weapon {unknown}
 J - a scroll of summoning {unknown}
Potions
 b - 5 potions of brilliance {unknown}
 d - 3 potions of degeneration {unknown}
 h - 5 potions of flight {unknown}
 n - 2 potions of mutation {unknown}
 o - 3 potions of curing {unknown}
 r - 3 potions of ambrosia {unknown}
 v - a potion of lignification {unknown}
 w - 2 potions of heal wounds {unknown}
 D - 2 potions of haste {unknown}
 E - 2 potions of might {unknown}
 G - 2 potions of berserk rage {unknown}
 M - a potion of cancellation {unknown}


   Skills:
 - Level 6.0 Fighting
 - Level 6.2 Dodging
 - Level 1.0 Stealth
 + Level 11.7 Unarmed Combat
 - Level 1.2 Spellcasting
 + Level 8.0 Ice Magic


You had one spell level left.
You knew the following spells:

 Your Spells              Type           Power      Damage    Failure   Level
a - Freeze                Ice            92%        1d10      1%          1
b - Ozocubu's Armour      Ice            23%        N/A       2%          3
c - Frozen Ramparts       Ice            46%        1d6       2%          3
d - Summon Ice Beast      Ice/Summ       12%        N/A       45%         4

Your spell library contained the following spells:

 Spells                   Type           Power      Damage    Failure   Level
 Magic Dart               Conj           0%         1d3       26%         1
 Sting                    Tmut/Pois      0%         1d3       26%         1
 Poisonous Vapours        Pois/Air       0%         N/A       36%         2
 Searing Ray              Conj           0%         3d3       36%         2
 Hailstorm                Conj/Ice       12%        3d5       45%         4
 Dazzling Flash           Conj/Hex       0%         N/A       61%         3
 Ignite Poison            Fire/Tmut/Pois 0%         N/A       61%         3
 Mephitic Cloud           Conj/Pois/Air  0%         N/A       61%         3
 Fulminant Prism          Conj/Hex       0%         3d6       95%         4
 Iskenderun's Mystic Bla  Conj/Tloc      0%         2d3       95%         4
 Olgreb's Toxic Radiance  Pois           0%         N/A       95%         4


Dungeon Overview and Level Annotations

Branches:
Dungeon (11/15)            Temple (1/1) D:7            Lair (2/6) D:8
  Swamp (0/4) Lair:2          Orc (0/2) D:9           Sewer (visited)
  Snake: Lair:2-4    Spider: Lair:2-4

Altars:
Ashenzari
Cheibriados
Dithmenos
Elyvilon
Fedhas
Gozag
Hepliaklqana
Kikubaaqudgha
Makhleb
Nemelex Xobeh
Okawaru
Qazlal
Ru
Sif Muna
Trog
Uskayaw
Vehumet
Wu Jian
Xom
Yredelemnul
Zin
The Shining One

Shops:
D:7 =   D:9 *

Annotations:
D:3 Sigmund
Lair:1 exclusions: 2 hydras and 1 more exclusion


Innate Abilities, Weirdness & Mutations

You are too large for most types of armour.
You have claws for hands.
Your natural rate of healing is unusually fast.
You are covered in fur. (AC +1)
You have tough skin. (AC +1)


Message History

I - a scroll labelled YQULOCL DUX YFFU You see here a +0 club.
You open the door.
There is an open door here.
Found a chain mail and a long sword.
Found a stone staircase leading down.
r - 2 metallic sapphire potions (gained 1)
You open the door. You open the large door.
A kobold brigand and an orc wizard come into view.
The kobold brigand is wielding a +0 dagger and quivering poisoned darts.
Found three items.
There are monsters nearby!
There are monsters nearby!
There are monsters nearby!
The kobold brigand shouts!
The orc wizard shouts!
The kobold brigand throws a poisoned dart.
The poisoned dart hits you!
You are poisoned.
There is a large open door here.
You feel sick.
The orc wizard hits you with a +0 dagger.
Found a scroll labelled MEFARE JEAC.
You claw the orc wizard!
You kill the orc wizard!
You feel sick.
You closely miss the kobold brigand.
You feel sick.
The kobold brigand hits you but does no damage.
You mangle the kobold brigand!!
The kobold brigand is almost dead.
The kobold brigand hits you with a +0 dagger.
You claw the kobold brigand!
You kill the kobold brigand!
You feel sick.
No target in view!
You feel sick.
You feel sick.
You are no longer poisoned.
You now have 767 gold pieces (gained 11).
Items here: ( )) [.
You see here a +0 pair of boots.
J - a scroll labelled MYNICU APOMA
e - 11 scrolls labelled YNI LOALANEEH (gained 1)
k - 2 scrolls labelled MEFARE JEAC (gained 1)
You open the large door.
There is a large open door here.
You open the door.
Found an escape hatch in the ceiling.
Found a stone staircase leading up.
There is an open door here.
You open the door.
There is an open door here.
You open the door.
There is an open door here.
You now have 784 gold pieces (gained 17).
You now have 798 gold pieces (gained 14).
You open the door.
There is an open door here.
Found a stone staircase leading down.
You now have enough gold to fund merchants seeking to open stores in the dungeon.
You now have 810 gold pieces (gained 12).
Found an escape hatch in the floor.
Found a stone staircase leading down.
Okay, then.
There is a stone staircase leading down here.
There is an open door here.
You now have 827 gold pieces (gained 17).
i - 3 scrolls labelled KETTOU VOSSOG (gained 1)
You open the door.
There is an open door here.
There is an open door here.
Things that are here:
a +0 hand axe; a +0 leather armour Key pressed, stopping explore.
There is an open door here.
You open the door.
There is an open door here.
You open the door.
There is an open door here.
x - 2 scrolls labelled MOILOM CENA (gained 1)
There is an open door here.
There is an open door here.
There is an open door here.
C - a wand of flame (31) (gained 13 charges) Done exploring.
Done exploring.
Done exploring.
Okay, then.
Unknown command.
Done exploring.
Done exploring.
Done exploring.
Done exploring.
(D) Dungeon (T) Temple (L) Lair (O) Orcish Mines
Where to? (Enter - D:9, ? - help)
You open the large door.
There is a large open door here.
There is a large open door here.
There is a stone staircase leading down here.
You climb downwards.
Found a halberd.
There is a stone staircase leading up here.
You open the door.
There is an open door here.
You open the door. 2 kobolds and a kobold brigand come into view.
The kobold brigand is wielding a +0 short sword and quivering poisoned darts.
A kobold is wielding a +1 dagger of venom.
The kobold brigand shouts!
The kobold shouts!
Found a scroll labelled MOILOM CENA.
There is an open door here.
There are monsters nearby!
There are monsters nearby!
The kobold shouts!
Unknown command.
Casting: Frozen Ramparts (mildly dangerous; 4% risk of failure)
Confirm with . or Enter, or press ? or * to list all spells.
Casting: Frozen Ramparts (mildly dangerous; 4% risk of failure)
Press: ? - help, Dir - look around, f - activate The walls around you are covered in ice.
The wall freezes the kobold brigand.
The kobold brigand throws a poisoned dart.
The poisoned dart closely misses you.
The wall freezes the kobold.
You kill the kobold!
The wall freezes the kobold brigand.
The wall freezes the kobold brigand.
The wall freezes the kobold.
You scratch the kobold brigand.
The kobold brigand is lightly wounded.
The kobold brigand hits you with a +0 short sword!
The wall freezes the kobold.
You kill the kobold!
You mangle the kobold brigand!!
The kobold brigand is almost dead.
The kobold brigand hits you with a +0 short sword.
You barely miss the kobold brigand.
The kobold brigand is almost dead.
The kobold brigand barely misses you.
You mangle the kobold brigand!!
You kill the kobold brigand!
Your Ice Magic skill increases to level 7!
You have reached level 11!
The frozen ramparts melt away.
HP restored.
Magic restored.
You now have 830 gold pieces (gained 3).
Things that are here:
a +0 short sword; 8 poisoned darts
x - 3 scrolls labelled MOILOM CENA (gained 1)
You now have 838 gold pieces (gained 8).
Things that are here:
a +0 short sword; 2 stones You now have 843 gold pieces (gained 5).
Things that are here:
a +1 dagger of venom; 4 stones You open the door.
There is an open door here.
You now have 856 gold pieces (gained 13).
As you open the door, it creaks loudly!
You hear a shout!
Psyche the Insane Magess comes into view.
She is wielding a +0 dagger of chaos.
Psyche shouts!
There is an open door here.
Psyche is nearby!
Psyche is nearby!
Psyche is nearby!
Casting: Frozen Ramparts (mildly dangerous; 4% risk of failure)
Confirm with . or Enter, or press ? or * to list all spells.
A film of ice covers your body!
Casting: Ozocubu's Armour (mildly dangerous; 4% risk of failure)
Confirm with . or Enter, or press ? or * to list all spells.
You can't see any susceptible monsters within range! (Use Z to cast anyway.) Unknown command.
Unknown command.
Casting: Ozocubu's Armour (mildly dangerous; 4% risk of failure)
Confirm with . or Enter, or press ? or * to list all spells.
Casting: Frozen Ramparts (mildly dangerous; 4% risk of failure)
Press: ? - help, Dir - look around, f - activate The walls around you are covered in ice.
The wall freezes Psyche.
Psyche casts a spell at you.
You turn into a sentient fungus.
Your +0 cloak melds into your body.
Your +0 robe melds into your body.
The wall freezes Psyche.
Psyche sings.
Psyche casts a spell at you. You resist with some effort.
The wall freezes Psyche.
You release spores at Psyche!
Psyche appears confused.
Psyche is heavily wounded.
The wall freezes Psyche.
Psyche closely misses you.
You release spores at Psyche!
You kill Psyche!
The frozen ramparts melt away.
Your transformation is almost over.
You stop sporulating.
Your +0 cloak unmelds from your body.
Your +0 robe unmelds from your body.
Your icy armour cracks and falls away as you move.
You now have 864 gold pieces (gained 8).
Things that are here:
a +0 dagger of chaos; a +0 robe A centaur comes into view.
The centaur wields a +0 shortbow.
The centaur shoots an arrow.
The arrow completely misses you.
The centaur shoots an arrow.
The arrow hits you.
There is an open door here.
Things that are here:
a +0 dagger of chaos; a +0 robe You close the door.
You start resting.
HP restored.
Something unseen opens the door.
The centaur shoots an arrow.
The arrow hits you!
The centaur shoots an arrow.
The arrow hits you!
There is an open door, spattered with blood here.
The centaur unwields a +0 shortbow.
The centaur hits you. The centaur kicks you.
You scratch the centaur.
The centaur is lightly wounded.
The centaur barely misses you.
The centaur kicks you but does no damage.
You claw the centaur!
The centaur is severely wounded.
The centaur hits you.
The centaur kicks you but does no damage.
The centaur hits you but does no damage.
The centaur kicks you but does no damage.
You claw the centaur!
You kill the centaur!
No target in view!
You now have 883 gold pieces (gained 19).
Things that are here:
a +0 shortbow; 20 arrows You open the door.
There is an open door here.
You open the door.
There is an open door here.
There is an open door here.
There is an open door here.
Found a stone staircase leading down.
Found a robe.
No target in view!
You now have 903 gold pieces (gained 20).
Found 16 stones.
You now have 913 gold pieces (gained 10).
Found a ring mail.
You open the door.
Found a stone staircase leading down and a stone staircase leading up.
There is an open door here.
You open the door.
There is an open door here.
You open the door. 3 yaks come into view.
Unknown command.
Casting: Frozen Ramparts (mildly dangerous; 4% risk of failure)
Confirm with . or Enter, or press ? or * to list all spells.
A film of ice covers your body!
The yak bellows! x3; You hear a bellow!
A yak comes into view. x2
Unknown command.
Casting: Ozocubu's Armour (mildly dangerous; 4% risk of failure)
Confirm with . or Enter, or press ? or * to list all spells.
Casting: Frozen Ramparts (mildly dangerous; 4% risk of failure)
Press: ? - help, Dir - look around, f - activate The walls around you are covered in ice.
The yak bellows!
The wall freezes the yak.
You claw the yak!
The yak is heavily wounded.
The wall freezes the yak.
The yak gores you.
You scratch the yak but do no damage.
The yak is heavily wounded.
The wall freezes the yak.
You scratch the yak.
The yak is heavily wounded.
The wall freezes the yak.
The yak gores you but does no damage.
The wall freezes the yak. x2
You claw the yak!
You kill the yak!
The wall freezes the yak. x2
You barely miss the yak.
The yak is lightly wounded.
The wall freezes the yak. x3; The yak gores you!
You claw the yak!
The yak is heavily wounded.
The wall freezes the yak. x2
The yak becomes distracted by the nearby gold, dreaming of imaginary riches.
The yak bellows!
You claw the yak!
The yak is almost dead.
The wall freezes the yak.
You kill the yak!
The yak becomes distracted by the nearby gold, dreaming of imaginary riches.
Your life force feels restored.
Your icy armour and frozen ramparts will break if you move.
Continue? [Y]es or [N]o only, please.
Your icy armour and frozen ramparts will break if you move.
Continue? [Y]es or [N]o only, please.
Your icy armour and frozen ramparts will break if you move.
Continue?
Okay, then.
The wall freezes the yak.
The yak is no longer distracted by gold.
The wall freezes the yak.
The yak bellows!
You claw the yak! Your claw misses the yak.
The yak is severely wounded.
The wall freezes the yak.
The yak closely misses you.
The wall freezes the yak.
You completely miss the yak.
The yak is almost dead.
The yak is no longer distracted by gold.
The wall freezes the yak.
The yak gores you.
The wall freezes the yak.
You scratch the yak.
The yak is almost dead.
The wall freezes the yak.
You kill the yak!
The wall freezes the yak.
You claw the yak!
The yak is severely wounded.
The wall freezes the yak. x2; The yak gores you.
You scratch the yak but do no damage.
The yak is almost dead.
The frozen ramparts melt away.
You scratch the yak but do no damage.
The yak is almost dead.
The yak barely misses you.
You mangle the yak!!
You kill the yak!
Your Unarmed Combat skill increases to level 11!
You mangle the yak!!
The yak is heavily wounded.
You scratch the yak.
The yak is heavily wounded.
The yak gores you.
You barely miss the yak. Your claw misses the yak.
The yak is heavily wounded.
The yak gores you!
You barely miss the yak.
The yak is heavily wounded.
The yak gores you!
You barely miss the yak.
The yak is heavily wounded.
The yak gores you but does no damage.
You scratch the yak.
The yak is severely wounded.
You claw the yak!
The yak is almost dead.
The yak gores you!
You claw the yak!
You kill the yak!
No target in view!
No target in view!
No target in view!
No target in view!
No target in view!
No target in view!
Magic restored.
Your icy armour starts to melt.
Your icy armour evaporates.
You now have 994 gold pieces (gained 81).
There is an open door, spattered with blood here.
Found an escape hatch in the floor.
You open the door.
There is an open door here.
You open the door.
There is an open door here.
m - 2 scrolls labelled PUBLUL PEIR (gained 1)
k - 3 scrolls labelled MEFARE JEAC (gained 1)
K - an amulet of reflection You open the door.
There is an open door here.
You open the door.
There is an open door here.
q - a wand of random effects (60) (gained 21 charges)
You now have 1002 gold pieces (gained 8).
You now have 1016 gold pieces (gained 14).
L - a wand of paralysis (10)
You open the door.
A wight comes into view. It is wielding a +0 mace.
The wight moves out of view.
There is an open door here.
A wight is nearby!
A wight is nearby!
Casting: Frozen Ramparts (mildly dangerous; 3% risk of failure)
Confirm with . or Enter, or press ? or * to list all spells.
A film of ice covers your body!
You scratch the wight.
The wight is lightly damaged.
The wight hits you with a +0 mace.
You claw the wight!
The wight is almost destroyed.
The wight barely misses you.
You claw the wight!
You destroy the wight!
No target in view!
Your icy armour cracks and falls away as you move. 2 wights come into view.
Things that are here:
7 gold pieces; a +0 mace; a +0 robe
There are monsters nearby!
Casting: Ozocubu's Armour (mildly dangerous; 3% risk of failure)
Confirm with . or Enter, or press ? or * to list all spells.
A film of ice covers your body!
Casting: Ozocubu's Armour (mildly dangerous; 3% risk of failure)
Confirm with . or Enter, or press ? or * to list all spells.
Casting: Frozen Ramparts (mildly dangerous; 3% risk of failure)
Press: ? - help, Dir - look around, f - activate The walls around you are covered in ice.
The wight resists.
The wall freezes the wight.
You claw the wight!
You destroy the wight!
Your icy armour and frozen ramparts will break if you move.
Continue? [Y]es or [N]o only, please.
Your icy armour and frozen ramparts will break if you move.
Continue? [Y]es or [N]o only, please.
Your icy armour and frozen ramparts will break if you move.
Continue?
Okay, then.
Your icy armour and frozen ramparts will break if you move.
Continue? [Y]es or [N]o only, please.
Your icy armour and frozen ramparts will break if you move.
Continue?
Okay, then.
The wight completely resists.
The wall freezes the wight but does no damage.
The wight hits you but does no damage.
Your icy armour and frozen ramparts will break if you move.
Continue?
Okay, then.
Your icy armour and frozen ramparts will break if you move.
Continue?
Okay, then.
Your icy armour and frozen ramparts will break if you move.
Continue?
Your icy armour cracks and falls away as you move.
The frozen ramparts melt away as you move.
The wight hits you with a +0 spear.
Found a scroll labelled MIDWUI HEETZOPP and a scimitar.
Things that are here:
8 gold pieces; a +0 flail; a +0 robe You mangle the wight!!
You destroy the wight!
A wight comes into view. It is wielding a +0 short sword.
A wight comes into view.
It is wielding a +0 antimagic great sword.
You mangle the wight!!
You destroy the wight!
You closely miss the wight. The wight hits you but does no damage.
You scratch the wight.
The wight is lightly damaged.
The wight misses you.
You scratch the wight.
The wight is moderately damaged.
You closely miss the wight.
The wight is moderately damaged.
The wight closely misses you.
You claw the wight!
The wight is almost destroyed.
The wight hits you but does no damage.
You barely miss the wight.
The wight is almost destroyed.
The wight closely misses you.
You closely miss the wight.
The wight is almost destroyed.
You mangle the wight!!
You destroy the wight!
No target in view!
You now have 1029 gold pieces (gained 13).
Items here: )) [[.
You now have 1033 gold pieces (gained 4).
Things that are here:
a +0 spear; a +0 robe You now have 1041 gold pieces (gained 8).
Things that are here:
a +0 flail; a +0 robe You now have 1048 gold pieces (gained 7).
Things that are here:
a +0 mace; a +0 robe
Things that are here:
a +0 flail; a +0 robe
Items here: )) [[.
B - 2 scrolls labelled MIDWUI HEETZOPP (gained 1)
You now have 1061 gold pieces (gained 13).
You open the door.
Found a stone staircase leading up.
There is an open door here.
f - 4 scrolls labelled YSASIZ MOVEC (gained 1)
You open the door.
There is an open door here.
Found a stone staircase leading down.
Found an escape hatch in the ceiling.
There is an open door here.
As you open the door, it creaks loudly!
There is an open door here.
There is an open door here.
You open the door.
Done exploring.
Done exploring.
Done exploring.
Done exploring.
(D) Dungeon (T) Temple (L) Lair (O) Orcish Mines
Where to? (Enter - D:10, ? - help)
There is an open door here.
There is an open door, spattered with blood here.
There is a stone staircase leading down here.
You climb downwards.
A meliai zombie comes into view.
Found 35 gold pieces.
There is a stone staircase leading up here.
Casting: Frozen Ramparts (mildly dangerous; 3% risk of failure)
Confirm with . or Enter, or press ? or * to list all spells.
A film of ice covers your body!
You mangle the meliai zombie!!
The meliai zombie is heavily damaged.
The meliai zombie hits you but does no damage.
The meliai zombie hits you.
You scratch the meliai zombie.
The meliai zombie is heavily damaged.
The meliai zombie hits you but does no damage.
The meliai zombie closely misses you. The meliai zombie hits you.
The meliai zombie barely misses you.
You claw the meliai zombie!
The meliai zombie is severely damaged.
The meliai zombie hits you but does no damage. x2
You claw the meliai zombie! x2
You destroy the meliai zombie!
No target in view!
Magic restored.
Your icy armour cracks and falls away as you move.
You now have 1065 gold pieces (gained 4).
You now have 1080 gold pieces (gained 15).
You now have 1100 gold pieces (gained 20).
Found a stone staircase leading up.
M - a bubbling brown potion A boulder beetle comes into view.
Casting: Ozocubu's Armour (mildly dangerous; 3% risk of failure)
Confirm with . or Enter, or press ? or * to list all spells.
A film of ice covers your body!
Casting: Ozocubu's Armour (mildly dangerous; 3% risk of failure)
Confirm with . or Enter, or press ? or * to list all spells.
Casting: Frozen Ramparts (mildly dangerous; 3% risk of failure)
Press: ? - help, Dir - look around, f - activate The walls around you are covered in ice.
The wall freezes the boulder beetle.
The boulder beetle leaps!
No target in view!
The frozen ramparts melt away.
Unknown command.
Casting: Frozen Ramparts (mildly dangerous; 3% risk of failure)
Confirm with . or Enter, or press ? or * to list all spells.
Casting: Frozen Ramparts (mildly dangerous; 3% risk of failure)
Press: ? - help, Dir - look around, f - activate The walls around you are covered in ice.
The wall freezes the boulder beetle.
The boulder beetle leaps!
The wall freezes the boulder beetle.
The boulder beetle leaps!
The boulder beetle curls into a ball and begins rolling!
The frozen ramparts melt away.
Unknown command.
Casting: Frozen Ramparts (mildly dangerous; 3% risk of failure)
Confirm with . or Enter, or press ? or * to list all spells.
Casting: Frozen Ramparts (mildly dangerous; 3% risk of failure)
Press: ? - help, Dir - look around, f - activate The walls around you are covered in ice.
The wall freezes the boulder beetle. x2; The boulder beetle barely misses you.
The boulder beetle stops rolling and uncurls.
You scratch the boulder beetle but do no damage.
The boulder beetle is lightly wounded.
You scratch the boulder beetle but do no damage.
The boulder beetle is lightly wounded.
The wall freezes the boulder beetle.
The boulder beetle bites you!!
You scratch the boulder beetle but do no damage.
The boulder beetle is lightly wounded.
The wall freezes the boulder beetle.
The boulder beetle leaps!
Your icy armour and frozen ramparts will break if you move.
Continue?
Your icy armour cracks and falls away as you move.
The frozen ramparts melt away as you move.
The boulder beetle leaps!
The boulder beetle bites you. The boulder beetle bites you!!
The boulder beetle curls into a ball and begins rolling!
There is a stone staircase leading up, spattered with blood here.
The boulder beetle hits you!!
The boulder beetle stops rolling and uncurls.
You climb upwards.
There is a stone staircase leading down here.
Magic restored.
HP restored.
Done exploring.
Done exploring.
(D) Dungeon (T) Temple (L) Lair (O) Orcish Mines
Where to? (Enter - D:11, ? - help)
What level of the Orcish Mines? (default 1, ? - help)
Okay, then.
Unknown command.
(D) Dungeon (T) Temple (L) Lair (O) Orcish Mines
Where to? (Enter - D:11, ? - help)
What level of the Lair of Beasts? (default 1, ? - help)
There is an open door here.
There is an open door here.
There is a stone staircase leading up here.
You climb upwards.
There is a stone staircase leading down here.
There is an open door here.
There is a stone staircase leading up here.
You climb upwards.
There is a stone staircase leading down here.
You see here a +0 flail.
There is a staircase to the Lair here.
You climb downwards.
Welcome to the Lair of Beasts!
Found a lumpy sapphire potion.
There is a staircase back to the Dungeon here.
b - 5 lumpy sapphire potions (gained 1)
Found a stone staircase leading down.
Found a quick blade and a shortbow.
Found a throwing net.
A five-headed hydra comes into view.
Found a scroll labelled FUYDUZ FEKHLUF.
A five-headed hydra is nearby!
Okay, then.
This spell is dangerous to cast!
Memorise Summon Ice Beast, consuming 4 spell levels and leaving 1?
You start memorising the spell.
You continue memorising. x4
You finish memorising.
Spell assigned to 'd'.
Okay, then.
Found a leather armour.
You now have 1118 gold pieces (gained 18).
A cane toad comes into view.
The cane toad gives a loud, deep croak!
You see here a +0 shortbow.
Casting: Frozen Ramparts (mildly dangerous; 3% risk of failure)
Confirm with . or Enter, or press ? or * to list all spells.
A film of ice covers your body!
Casting: Ozocubu's Armour (mildly dangerous; 3% risk of failure)
Confirm with . or Enter, or press ? or * to list all spells.
Casting: Frozen Ramparts (mildly dangerous; 3% risk of failure)
Press: ? - help, Dir - look around, f - activate The walls around you are covered in ice.
The wall freezes the cane toad.
The cane toad stings you!!
You are poisoned.
The cane toad poisons you!
You barely miss the cane toad.
The cane toad is lightly wounded.
You feel very sick.
The wall freezes the cane toad.
The cane toad stings you.
You closely miss the cane toad.
The cane toad is moderately wounded.
You feel sick.
The wall freezes the cane toad.
The cane toad barely misses you.
You scratch the cane toad.
The cane toad is heavily wounded.
You feel sick.
You barely miss the cane toad.
The cane toad is heavily wounded.
You feel sick.
The wall freezes the cane toad.
The cane toad seems to slow down.
The cane toad stings you but does no damage.
You mangle the cane toad!!
You kill the cane toad!
You feel sick.
No target in view!
You feel sick.
You feel sick.
You feel sick.
You feel sick.
The frozen ramparts melt away.
You feel sick.
You feel sick.
You are no longer poisoned.
HP restored.
Your icy armour starts to melt.
Magic restored.
Your icy armour cracks and falls away as you move.
You now have 1126 gold pieces (gained 8).
You see here a +0 shortbow.
You now have 1150 gold pieces (gained 24).
You now have 1172 gold pieces (gained 22).
You now have 1194 gold pieces (gained 22).
i - 4 scrolls labelled KETTOU VOSSOG (gained 1)
You now have 1214 gold pieces (gained 20).
An eight-headed hydra comes into view.
An eight-headed hydra is nearby!
An eight-headed hydra is nearby!
Found 24 stones.
You see here 24 stones.
You see here 24 stones.
A rime drake comes into view.
A rime drake is nearby!
The rime drake hisses angrily.
The rime drake breathes ice at you. The flash freeze misses you.
A water moccasin comes into view.
The rime drake breathes ice at you. The flash freeze hits you!
You are encased in ice.
Unknown command.
Casting: Frozen Ramparts (mildly dangerous; 3% risk of failure)
Confirm with . or Enter, or press ? or * to list all spells.
You miscast Ozocubu's Armour.
You are very lightly contaminated with residual magic.
Nothing appears to happen.
The water moccasin hisses angrily.
Unknown command.
Casting: Ozocubu's Armour (mildly dangerous; 3% risk of failure)
Confirm with . or Enter, or press ? or * to list all spells.
Casting: Frozen Ramparts (mildly dangerous; 3% risk of failure)
Press: ? - help, Dir - look around, f - activate The walls around you are covered in ice.
The ice encasing you melts away.
The wall freezes the water moccasin.
The water moccasin seems to slow down.
The water moccasin bites the plant.
The plant begins to die.
The rime drake resists.
The wall freezes the rime drake.
The wall freezes the water moccasin.
You barely miss the rime drake.
The rime drake is lightly wounded.
The rime drake resists.
The wall freezes the rime drake.
The rime drake completely misses you.
The wall freezes the water moccasin.
The water moccasin seems to slow down.
You barely miss the rime drake.
The rime drake is lightly wounded.
The rime drake resists.
The wall freezes the rime drake.
The rime drake bites you.
The wall freezes the water moccasin.
The water moccasin seems to slow down.
You completely miss the rime drake.
The rime drake is lightly wounded.
The rime drake resists.
The wall freezes the rime drake.
The rime drake breathes ice at you. The flash freeze hits you!!
You are encased in ice.
The wall freezes the water moccasin.
The water moccasin seems to slow down.
The wall freezes the water moccasin.
The water moccasin seems to slow down.
You scratch the rime drake.
The rime drake is lightly wounded.
The rime drake resists.
The wall freezes the rime drake.
The rime drake bites you but does no damage.
The wall freezes the water moccasin.
The water moccasin seems to slow down.
You mangle the rime drake!!
The rime drake is almost dead.
The rime drake resists.
The wall freezes the rime drake.
The rime drake bites you.
The wall freezes the water moccasin.
The water moccasin seems to slow down.
You closely miss the rime drake.
The rime drake is almost dead.
A nearby plant withers and dies.
The wall freezes the water moccasin.
You kill the water moccasin!
The rime drake resists.
The wall freezes the rime drake.
The rime drake bites you.
You scratch the rime drake but do no damage.
You claw the rime drake.
You kill the rime drake!
No target in view!
The ice encasing you melts away.
Your magical contamination has completely faded away.
The frozen ramparts melt away.
You now have 1227 gold pieces (gained 13).
You now have 1233 gold pieces (gained 6).
r - 3 metallic sapphire potions (gained 1)
Found a whip.
You see here a +0 whip.
Found a ring mail.
A yak comes into view.
The yak bellows!
Sonja, the Graceful Assassin comes into view.
She is wielding a +2 short sword of distortion and quivering curare-tipped darts.
A bullfrog comes into view.
Okay, then.
Okay, then.
Casting: Frozen Ramparts (mildly dangerous; 3% risk of failure)
Confirm with . or Enter, or press ? or * to list all spells.
A film of ice covers your body!
Casting: Ozocubu's Armour (mildly dangerous; 3% risk of failure)
Confirm with . or Enter, or press ? or * to list all spells.
Casting: Frozen Ramparts (mildly dangerous; 3% risk of failure)
Press: ? - help, Dir - look around, f - activate The walls around you are covered in ice.
The wall freezes the bullfrog.
The bullfrog seems to slow down.
The wall freezes the bullfrog.
The bullfrog misses you.
The wall freezes the bullfrog.
The bullfrog seems to slow down.
The bullfrog hits you.
You barely miss the bullfrog.
The bullfrog is moderately wounded.
The wall freezes the bullfrog.
The bullfrog barely misses you.
The wall freezes the yak.
You mangle the bullfrog!!
You kill the bullfrog!
You scratch the yak but do no damage.
The yak is lightly wounded.
A yak comes into view.
You scratch the yak but do no damage.
The yak is lightly wounded.
A yak comes into view.
The wall freezes the yak.
The yak gores you but does no damage.
The yak bellows!
You scratch the yak but do no damage.
The yak is moderately wounded.
The wall freezes the yak.
The yak gores you but does no damage.
You mangle the yak!!
The yak is almost dead.
The wall freezes the yak.
The yak gores you.
You closely miss the yak.
The yak is almost dead.
The wall freezes the yak.
You claw the yak!
You kill the yak!
The wall freezes the yak.
You barely miss the yak.
The yak is lightly wounded.
The frozen ramparts melt away.
The yak closely misses you.
Casting: Frozen Ramparts (mildly dangerous; 3% risk of failure)
Confirm with . or Enter, or press ? or * to list all spells.
Casting: Frozen Ramparts (mildly dangerous; 3% risk of failure)
Press: ? - help, Dir - look around, f - activate The walls around you are covered in ice.
The wall freezes the yak. x2; The yak closely misses you.
You scratch the yak.
The yak is moderately wounded.
You claw the yak!
The yak is severely wounded.
The wall freezes the yak.
You claw the yak!
You kill the yak!
The wall freezes the yak.
You claw the yak!
The yak is moderately wounded.
The wall freezes the yak.
The yak gores you!
You completely miss the yak.
The yak is moderately wounded.
The wall freezes the yak.
The yak closely misses you.
You claw the yak!
The yak is severely wounded.
The wall freezes the yak.
The yak gores you!
You claw the yak!
You kill the yak!
No target in view!
The frozen ramparts melt away.
Your icy armour starts to melt.
Your icy armour evaporates.
You now have 1266 gold pieces (gained 33).
You now have 1290 gold pieces (gained 24).
Sonja is nearby!
Sonja is nearby!
Sonja is nearby!
Okay, then.
Sonja shouts!
Aiming: Paralyse
Press: ? - help, Shift-Dir - straight line, f - Sonja
Aim: Sonja, wielding a +2 short sword of distortion and quivering curare-tipped darts (chance to affect: 54%) Sonja resists with significant effort.
Aiming: Paralyse
Press: ? - help, Shift-Dir - straight line, f/p - Sonja
Aim: Sonja, wielding a +2 short sword of distortion and quivering curare-tipped darts (chance to affect: 54%) Sonja resists with significant effort.
Aiming: Paralyse
Press: ? - help, Shift-Dir - straight line, f/p - Sonja
Aim: Sonja, wielding a +2 short sword of distortion and quivering curare-tipped darts (chance to affect: 54%) Sonja suddenly stops moving!
Press: ? - help, v - describe, . - travel
Here: Sonja, wielding a +2 short sword of distortion and quivering curare-tipped darts (paralysed)
The floor.
Unknown command.
Unknown command.
Unknown command.
Unknown command.
Unknown command.
The helpless Sonja fails to defend herself.
You claw Sonja!
Sonja is heavily wounded.
The helpless Sonja fails to defend herself.
You claw Sonja!
Sonja is almost dead.
The helpless Sonja fails to defend herself.
You mangle Sonja!!
You kill Sonja!
You now have 1298 gold pieces (gained 8).
Things that are here:
a +2 short sword of distortion; 6 curare-tipped darts
Found a stone staircase leading down.
You now have 1310 gold pieces (gained 12).
Key pressed, stopping explore.
You see here a +0 shortbow.
Partly explored, can't reach some items and places.
Partly explored, can't reach some items and places.
Search for what [Enter for "armor", or ? for help]? distor
Things that are here:
a +2 short sword of distortion; 6 curare-tipped darts
N - a +2 short sword of distortion Partly explored, can't reach some items and places.
Partly explored, can't reach some items and places.
Partly explored, can't reach some items and places.
(D) Dungeon (T) Temple (L) Lair (O) Orcish Mines
Where to? (Enter - Lair:1 @ (x,y), ? - help)
There is a stone staircase leading down here.
You climb downwards. 5 yaks and 2 bog bodies come into view.
The yak bellows! x4; You hear an angry hiss.
Found 4 atropa-tipped darts.
Found a staircase to the Swamp.
There is a stone staircase leading up here.
The yak bellows!
You claw the yak!
The yak is lightly wounded.
You claw the yak!
The yak is heavily wounded.
The yak barely misses you.
You claw the yak!
The yak is severely wounded.
The yak gores you! The yak closely misses you. x2
You climb upwards.
Level annotation: exclusions: 2 hydras and 1 more exclusion
There is a stone staircase leading down here.
The yak closely misses you.
Casting: Frozen Ramparts (mildly dangerous; 3% risk of failure)
Confirm with . or Enter, or press ? or * to list all spells.
Casting: Frozen Ramparts (mildly dangerous; 3% risk of failure)
Press: ? - help, Dir - look around, f - activate The walls around you are covered in ice.
The wall freezes the yak.
The yak gores you.
The wall freezes the yak. x2
Casting: Frozen Ramparts (mildly dangerous; 3% risk of failure)
Confirm with . or Enter, or press ? or * to list all spells.
A film of ice covers your body!
The wall freezes the yak.
The yak closely misses you.
The wall freezes the yak. x2
Unknown command.
You scratch the yak. You claw the yak!
The yak is severely wounded.
The wall freezes the yak.
The yak gores you!
The wall freezes the yak. x2
You scratch the yak.
The yak is almost dead.
The wall freezes the yak.
You kill the yak!
The wall freezes the yak.
You barely miss the yak.
The yak is almost dead.
The wall freezes the yak.
You scratch the yak.
The yak is almost dead.
The wall freezes the yak.
You kill the yak!
The wall freezes the yak.
Your Ice Magic skill increases to level 8!
You mangle the yak!!
The yak is almost dead.
The wall freezes the yak.
The yak gores you!
You completely miss the yak.
The yak is almost dead.
The wall freezes the yak.
You kill the yak!
No target in view!
No target in view!
Your icy armour cracks and falls away as you move.
The frozen ramparts melt away as you move.
You now have 1360 gold pieces (gained 50).
You start resting.
HP restored.
There is a stone staircase leading down here.
You climb downwards.
The black mamba bites you! The black mamba bites you. The yak gores you!
The bog body becomes distracted by your gold, dreaming of imaginary riches.
The black mamba barely misses you. The yak closely misses you.
The yak becomes distracted by your gold, dreaming of imaginary riches.
The yak bellows!
There is a stone staircase leading up, spattered with blood here.
The bog body is no longer distracted by gold.
The yak is no longer distracted by gold.
The black mamba barely misses you. The yak gores you but does no damage.
The black mamba bites you.
You are poisoned.
The black mamba poisons you! The yak gores you.
You climb upwards.
Level annotation: exclusions: 2 hydras and 1 more exclusion You feel very sick.
There is a stone staircase leading down here.
You feel very sick. The black mamba bites you.
You are more poisoned.
The black mamba poisons you!
You feel very sick. The black mamba bites you!
* * * LOW HITPOINT WARNING * * *
Okay, then.
Okay, then. [a] - 325 gold - heal wounds, curing and berserk rage [b] - 690 gold - heal wounds, berserk rage, haste and resistance [c] - 297 gold - curing and magic Purchase which effect?
You feel much better.
You feel better.
A red film seems to cover your vision as you go berserk!
You feel yourself moving faster!
You feel mighty! The black mamba bites you!
* * * LOW HITPOINT WARNING * * *
You are poisoned.
The black mamba poisons you! The black mamba bites you!!
* * * LOW HITPOINT WARNING * * *
The yak closely misses you. The yak gores you!
* * * LOW HITPOINT WARNING * * *
You completely miss the black mamba.
You feel very sick. The black mamba barely misses you.
You scratch the black mamba.
The black mamba is lightly wounded.
You feel very sick. The black mamba bites you!
* * * LOW HITPOINT WARNING * * *
The yak closely misses you. The yak gores you!
* * * LOW HITPOINT WARNING * * *
You feel sick.
You feel a strong urge to attack something.
You feel sick.
The yak becomes distracted by your gold, dreaming of imaginary riches.
The black mamba completely misses you.
You feel sick.
You feel your anger nearly subside.
You are no longer berserk.
You pass out from exhaustion.
You feel yourself slow down.
You feel sick.
You feel sick.
The black mamba becomes distracted by your gold, dreaming of imaginary riches.
You feel sick. x2
The yak gores you!!
You die...
Your body crumbles into a pile of gold.

### #.# ###.# ##Y..# #
### #########....# ##
#.###P.........>.# ##.
##.....^.@S......# ##..
##.......Y......## #...
##..............## #P..
##.....###.#....####...
#....## ####....##....
##..## ##.........
#...## ##........
##...# ##....... ##..##
##......


You could see a black mamba (unaware) and 2 yaks.

Vanquished Creatures
  Harold (D:8)
  Sonja (Lair:1)
  Pikel (D:6)
  A cane toad (Lair:1)
  A rime drake (Lair:1)
  Psyche (D:10)
  A meliai zombie (D:11)
  22 yaks
  A shadow (D:9)
  A steam dragon (D:6)
  Edmund (D:6)
  An acid dragon (D:9)
  3 wargs (D:8)
  5 water moccasins
  2 orc warriors
  Duvessa (D:6)
  A sky beast (D:5)
  A black bear (D:7)
  A necrophage (D:5)
  5 centaurs
  3 ogres
  3 lemures (D:6)
  A phantom (D:7)
  2 kobold brigands
  2 bullfrogs
  A water moccasin skeleton (D:4)
  A wyvern skeleton (D:6)
  Dowan (D:6)
  3 scorpions
  9 killer bees
  9 wights
  A howler monkey (D:4)
  A centaur zombie (D:7)
  2 jellies (D:6)
  A bullfrog zombie (D:6)
  3 gnoll shamans
  4 hounds
  10 orc priests
  A centaur skeleton (D:7)
  2 bullfrog skeletons
  An iguana (D:6)
  4 orc wizards
  2 killer bee zombies
  2 hound skeletons (D:5)
  21 gnolls
  2 howler monkey skeletons (D:5)
  14 adders
  2 river rats (D:4)
  3 ufetubi
  An adder skeleton (D:4)
  4 worms (D:4)
  3 dart slugs
  27 orcs
  12 ball pythons
  13 endoplasms
  2 giant cockroaches
  10 goblins
  10 hobgoblins
  12 jackals
  12 kobolds
  2 quokkas (D:1)
  2 bats
  5 frilled lizards
  5 rats
283 creatures vanquished.

Vanquished Creatures (others)
  4 plants
4 creatures vanquished.

Grand Total: 287 creatures vanquished

Notes
Turn   | Place    | Note
-------+----------+-------------------------------------------
     0 | D:1      | sleeves the Troll Ice Elementalist began the quest for the
                  | Orb.
     0 | D:1      | Reached XP level 1. HP: 16/16 MP: 1/1
   126 | D:1      | Reached skill level 1 in Unarmed Combat
   153 | D:1      | Found an iron altar of Okawaru.
   167 | D:1      | Reached XP level 2. HP: 24/24 MP: 2/2
   212 | D:1      | Reached skill level 2 in Unarmed Combat
   571 | D:2      | Reached XP level 3. HP: 31/31 MP: 3/3
   603 | D:2      | Reached skill level 3 in Unarmed Combat
   680 | D:2      | Reached XP level 4. HP: 34/39 MP: 1/4
   892 | D:2      | Reached skill level 4 in Unarmed Combat
  1162 | D:2      | HP: 18/39 [gnoll/+2 vorpal spear (6)]
  1173 | D:2      | HP: 17/39 [gnoll/+2 vorpal spear (10)]
  1382 | D:3      | Reached XP level 5. HP: 45/45 MP: 5/5
  1580 | D:3      | Reached skill level 5 in Unarmed Combat
  2063 | D:3      | Noticed Sigmund
  2384 | D:4      | Noticed a yak
  2384 | D:4      | Noticed a yak
  2384 | D:4      | Noticed a yak
  2384 | D:4      | Noticed a yak
  2384 | D:4      | Noticed a yak
  2384 | D:4      | Noticed a yak
  2406 | D:3      | HP: 17/45 [yak (15)]
  2413 | D:3      | HP: 17/45 [yak (8)]
  2441 | D:3      | HP: 21/45 [yak (14)]
  2460 | D:3      | Killed a yak
  2461 | D:3      | Reached skill level 1 in Fighting
  2461 | D:3      | Reached skill level 2 in Dodging
  2461 | D:3      | Reached XP level 6. HP: 44/55 MP: 6/6
  2550 | D:4      | Found a glowing drain.
  2558 | Sewer    | Entered a sewer
  3071 | D:4      | HP: 27/57 [ufetubus (3)]
  3216 | D:4      | Reached skill level 2 in Fighting
  3216 | D:4      | Reached skill level 6 in Unarmed Combat
  3228 | D:4      | HP: 28/57 [water moccasin skeleton (3)]
  3232 | D:4      | Reached XP level 7. HP: 32/65 MP: 7/7
  3338 | D:3      | Killed a yak
  3339 | D:3      | Reached skill level 3 in Dodging
  3354 | D:3      | Killed a yak
  3355 | D:3      | Reached skill level 3 in Fighting
  3569 | D:3      | HP: 24/67 [yak (11)]
  3586 | D:3      | HP: 33/67 [yak (11)]
  3591 | D:3      | Killed a yak
  3679 | D:4      | Killed a yak
  3680 | D:4      | Reached skill level 4 in Dodging
  3680 | D:4      | Reached skill level 7 in Unarmed Combat
  3680 | D:4      | Reached XP level 8. HP: 64/75 MP: 8/8
  3769 | D:4      | Learned a level 3 spell: Ozocubu's Armour
  3773 | D:4      | Learned a level 3 spell: Frozen Ramparts
  3795 | D:5      | Entered Level 5 of the Dungeon
  3803 | D:5      | Reached skill level 3 in Ice Magic
  3846 | D:4      | Reached skill level 4 in Fighting
  4513 | D:6      | Reached skill level 5 in Dodging
  4513 | D:6      | Reached XP level 9. HP: 75/85 MP: 9/9
  4704 | D:6      | Reached skill level 8 in Unarmed Combat
  4735 | D:6      | Found an iron altar of Okawaru.
  4889 | D:6      | Reached skill level 4 in Ice Magic
  5139 | D:6      | Noticed Duvessa
  5157 | D:6      | Reached skill level 5 in Fighting
  5161 | D:6      | Killed Duvessa
  5184 | D:6      | Noticed Dowan
  5200 | D:6      | Killed Dowan
  5252 | D:6      | Noticed Edmund
  5266 | D:6      | Killed Edmund
  5579 | D:6      | Noticed Pikel
  5609 | D:6      | Killed Pikel
  5610 | D:6      | Reached skill level 6 in Dodging
  5947 | D:7      | Reached skill level 5 in Ice Magic
  5947 | D:7      | Reached XP level 10. HP: 98/98 MP: 10/10
  5948 | D:7      | Reached skill level 9 in Unarmed Combat
  5994 | D:7      | Found a bloodstained altar of Trog.
  6092 | D:7      | Found a radiant altar of Vehumet.
  6279 | D:7      | Found Moph's Jewellery Shoppe.
  6282 | D:7      | Identified the +2 quarterstaff of Focus {vorpal, rN+}
  6433 | D:7      | Found a staircase to the Ecumenical Temple.
  6632 | Temple   | Entered the Ecumenical Temple
  6762 | Temple   | Became a worshipper of Gozag Ym Sagoz the Greedy
  6871 | D:8      | Reached skill level 6 in Fighting
  7028 | D:8      | Found a staircase to the Lair.
  7062 | D:8      | HP: 42/96 [orc priest/divine providence (9)]
  7328 | D:8      | Reached skill level 6 in Ice Magic
  7549 | D:8      | Noticed Harold
  7564 | D:8      | HP: 46/98 [Harold/+0 halberd (20)]
  7566 | D:8      | Killed Harold
  7567 | D:8      | Reached skill level 10 in Unarmed Combat
  7573 | D:8      | HP: 48/98 [killer bee (4)]
  7578 | D:8      | HP: 40/98 [poisoned by a killer bee]
  7583 | D:8      | HP: 31/98 [poisoned by a killer bee]
  8267 | D:9      | Found a staircase to the Orcish Mines.
  8284 | D:9      | HP: 28/90 [ogre/+0 giant club (21)]
  8605 | D:9      | Found Jayhi's Assorted Antiques.
  9165 | D:10     | Entered Level 10 of the Dungeon
  9185 | D:10     | Reached skill level 7 in Ice Magic
  9185 | D:10     | Reached XP level 11. HP: 90/100 MP: 11/11
  9245 | D:10     | Noticed Psyche
  9253 | D:10     | Killed Psyche
  9428 | D:10     | Reached skill level 11 in Unarmed Combat
  9831 | D:11     | Noticed a boulder beetle
  9986 | Lair:1   | Entered Level 1 of the Lair of Beasts
 10004 | Lair:1   | Noticed a five-headed hydra
 10016 | Lair:1   | Learned a level 4 spell: Summon Ice Beast
 10154 | Lair:1   | Noticed an eight-headed hydra
 10449 | Lair:1   | Noticed Sonja
 10536 | Lair:1   | Killed Sonja
 10814 | Lair:2   | Found a staircase to the Swamp.
 10814 | Lair:2   | Noticed a bog body
 10814 | Lair:2   | Noticed a bog body
 10830 | Lair:1   | Reached skill level 8 in Ice Magic
 10855 | Lair:1   | HP: 51/105 [poisoned by a black mamba]
 10858 | Lair:1   | HP: 25/157 [yak (10)]
 10863 | Lair:1   | HP: 14/105 [poisoned by a black mamba]
 10865 | Lair:1   | Slain by a yak

Illustrated notes

Levels and vault maps discovered:
D:1:      psy_arrival_basics, layout_basic, serial_glass, glass_columns_b,
          glass_columns_a, minmay_hexomino_r4
D:2:      layout_loops_ring
D:3:      layout_basic, minmay_misc_feat_tiny, grunt_ministairs_15, uniq_sigmund
D:4:      layout_cave_pools, lightli_sewer_entry_pipes
D:5:      layout_rooms
D:6:      layout_basic, okawaru_metal_pillars_1_2, uniq_edmund, uniq_pikel,
          uniq_duvessa
D:7:      layout_basic, kennysheep_mini_moat, overflow_temple_1_default,
          temple_statues, serial_shops, shop
D:8:      layout_cave_pods, erik_lair_orcish_takeover, uniq_harold
D:9:      layout_roguey, erik_orc_3, serial_shops, nicolae_shop_waterfront,
          nrook_loot_triangle, kennysheep_generic_room_5
D:10:     layout_roguey, uniq_psyche
D:11:     layout_basic, sword_in_stone, uniq_urug, uniq_josephine, uniq_erica,
          uniq_gastronok
Temple:   regret_index_temple_chain_breaker
Lair:1:   layout_layer_cave, uniq_sonja
Lair:2:   nzn_winding_woodlands_three_and_one [nzn_winding_woodlands_5x15_cabin,
          nzn_winding_woodlands_5x15_crooked, nzn_winding_woodlands_5x15_eye,
          nzn_winding_woodlands_center_lodge], layout_hall_layers,
          skrybe_swamp_entry_bodies

Skill      XL: |  1  2  3  4  5  6  7  8  9 10 11 |
---------------+----------------------------------+-----
Unarmed Combat | 1 2 3 4 5 6 7 8 10 11 | 11.7
Fighting       | 1 2 3 4 5 6 |  6.0
Dodging        | 2 4 5 6 |  6.2
Ice Magic      | 3 5 7 8 |  8.0
Stealth        | |  1.0
Spellcasting   | |  1.2

Action                   |  1- 3 |  4- 6 |  7- 9 | 10-12 || total
-------------------------+-------+-------+-------+-------++-------
Melee: Unarmed           |    97 |   223 |   254 |   293 ||   867
       Punch             |     1 |     1 |    14 |    12 ||    28
 Cast: Freeze            |     5 |     2 |       |       ||     7
       Frozen Ramparts   |       |       |    12 |    24 ||    36
       Ozocubu's Armour  |       |       |     9 |    16 ||    25
Invok: Potion Petition   |       |       |       |     1 ||     1
Evoke: Wand              |       |       |       |     3 ||     3
 Stab: Sleeping          |     1 |     3 |     1 |     1 ||     6
       Distracted        |       |       |       |     1 ||     1
       Paralysed         |       |       |       |     3 ||     3
Armor: Robe              |    37 |    53 |    49 |    66 ||   205
Dodge: Dodged            |    43 |   102 |   114 |   155 ||   414

Table legend: (Time is in decaauts)
 A = Elapsed time spent in this place.
 B = Non-inter-level travel time spent in this place.
 C = Inter-level travel time spent in this place.
 D = Time resting spent in this place.
 E = Time spent auto-exploring this place.
 F = Levels seen in this place.
 G = Mean time per level.
                   A        B        C        D        E       F      G
               +--------+--------+--------+--------+--------+-----+--------+
         Total |  10880 |  10141 |    739 |    115 |   7643 |  15 |  725.3 |
       Dungeon |   9386 |   8718 |    668 |    102 |   6480 |  11 |  853.3 |
        Temple |    145 |    130 |     15 |      0 |    119 |   1 |  145.0 |
          Lair |    869 |    815 |     54 |     13 |    688 |   2 |  434.5 |
         Sewer |    478 |    478 |      0 |      0 |    355 |   1 |  478.0 |
               +--------+--------+--------+--------+--------+-----+--------+

Top non-repeatable levels by time:
     D:6: 1366 daAuts
     D:3: 1257 daAuts
     D:8: 1241 daAuts
     D:9: 1062 daAuts
     D:7: 980 daAuts
     D:2: 883 daAuts
  Lair:1: 862 daAuts
     D:4: 841 daAuts
    D:10: 652 daAuts
     D:5: 527 daAuts
   Sewer: 478 daAuts
     D:1: 473 daAuts
  Temple: 145 daAuts
    D:11: 101 daAuts
  Lair:2: 6 daAuts
